Cogmind - Beta 15 @@@ ROGUE MODE // 2025.08.03 @ 14:02:37 Player: FrigidRock Result: Destroyed by 7Q-UKG(R) with Subdweller Beam Cannon Performance ------------- Evolutions (0) 0 Regions Visited (3) 600 Robots Destroyed (9) 45 Value Destroyed (205) 205 Prototype IDs (2) 40 Alien Tech Used (0) 0 Bonus (33) 33 TOTAL SCORE: 923 Bonus ------- Follower Combat Kills 33 Cogmind --------- Core Integrity 0/250 Matter 300/300 Energy 100/100 System Corruption 0% Temperature Cool (9) Movement Core (50) Location -10/Subcaves Parts ------- > --- POWER (1) -------- (None) > --- PROPULSION (2) --- (None) > --- UTILITY (2) ------ (None) > --- WEAPON (2) ------- (None) > --- INVENTORY (5) ---- Light Ion Engine Light Angular Momentum Engine Structural Scanner Peak State ------------ > --- POWER ------------ Light Ion Engine > --- PROPULSION ------- Aluminum Leg Aluminum Leg > --- UTILITY ---------- Scrap Shield > --- WEAPON ----------- Light Cannon Light Cannon > --- INVENTORY -------- Light Ion Engine Light Ion Engine Aluminum Leg Light Cannon Datajack [Rating: 9] Favorites ----------- Power Light Ion Engine Engine Light Ion Engine Propulsion Aluminum Leg Leg Aluminum Leg Utility Propulsion Shielding Device Structural Scanner Protection Propulsion Shielding Weapon Light Cannon Energy Gun Small Laser Ballistic Gun Assault Rifle Ballistic Cannon Light Cannon Build | -11 -10 -10 -10 ------- Run | Yrd Mat Min Sub Slots Evolved . | . . . . Power . | . . . . Propulsion . | . . . . Utility . | . . . . Weapon . | . . . . Parts Attached 13 | 5 4 1 3 Power 2 | 1 . 1 . Engine 2 | 1 . 1 . Core . | . . . . Reactor . | . . . . Propulsion 3 | 2 . . 1 Treads . | . . . . Leg 3 | 2 . . 1 Wheel . | . . . . Hover . | . . . . Flight . | . . . . Utility 3 | . 2 . 1 Device 1 | . 1 . . Storage . | . . . . Processor . | . . . . Hackware . | . . . . Protection 2 | . 1 . 1 Artifact . | . . . . Weapon 5 | 2 2 . 1 Energy Gun 1 | 1 . . . Energy Cannon . | . . . . Ballistic Gun 1 | 1 . . . Ballistic Cannon 3 | . 2 . 1 Launcher . | . . . . Special Weapon . | . . . . Impact Weapon . | . . . . Slashing Weapon . | . . . . Piercing Weapon . | . . . . Special Melee Weapon . | . . . . Unidentified Prototypes . | . . . . Parts Lost 7 | . . . 7 Power 1 | . . . 1 Propulsion 2 | . . . 2 Utility 1 | . . . 1 Weapon 3 | . . . 3 Highest Loss Streak 7 | . . . 7 To Critical Strikes . | . . . . Average Backups 3 | . 2 4 4 Power 1 | . . 1 1 Propulsion . | . . 1 . Utility . | . . . . Weapon . | . . 1 . Tool/Special . | . . . . Unused Backups 2 | . . . 2 Power 1 | . . . 1 Propulsion . | . . . . Utility . | . . . . Weapon . | . . . . Tool/Special 1 | . . . 1 Average Slot Usage (%) 93 | . 90 100 79 Engine 13 | . 14 14 13 Leg 27 | . 28 28 26 Device 10 | . 8 14 5 Protection 12 | . 11 14 8 Ballistic Cannon 26 | . 23 28 25 Peak Build Rating 9 | 5 7 7 9 Average Rating 6 | 3 6 7 7 On Entrance 4 | . 5 7 7 Naked Turns 5 | . . . 5 Heaviest Build 27 | 6 11 11 27 Greatest Support 20 | 20 20 20 20 Greatest Overweight (x) 1 | . . . 1 Average Overweight (x) . | . . . . Largest Inventory Capacity 5 | 5 5 5 5 Average Capacity 5 | 5 5 5 5 Most Carried 5 | . 4 5 5 Average Carried 3 | . 2 4 4 Final Capacity 5 | 5 5 5 5 Final Carried 5 | . 4 5 3 Class Distribution -------------------- 100% | Mutant Dominant Class ---------------- Mutant | -10/Materials Mutant | -10/Mines Mutant | -10/Subcaves Resources | -11 -10 -10 -10 ----------- Run | Yrd Mat Min Sub Matter Collected 553 | 196 177 5 175 Remotely . | . . . . Salvage Created 205 | . 149 13 43 Parts 15 | . 10 3 2 Haulers Intercepted 1 | . 1 . . Recyclers Shooed . | . . . . Parts Field Recycled . | . . . . Retrieved Matter . | . . . . Parts Self-Destructed 5 | . . . 5 Prevented . | . . . . Kills | -11 -10 -10 -10 ------- Run | Yrd Mat Min Sub Combat Hostiles Destroyed 6 | . 2 3 1 Cannons 6 | . 2 3 1 Classes Destroyed 6 | . 4 1 1 Hauler 1 | . 1 . . Recycler 1 | . 1 . . Watcher 1 | . 1 . . Swarmer 3 | . . 3 . Grunt 2 | . 2 . . Subdweller 1 | . . . 1 Best Kill Streak 3 | . 2 3 1 Combat Bots Only 3 | . 2 3 1 Max Kills in Single Turn 1 | . 1 1 1 Gunslinging . | . . . . Exploded . | . . . . Melee . | . . . . Uniques/NPCs Destroyed . | . . . . Combat | -11 -10 -10 -10 -------- Run | Yrd Mat Min Sub Hostile Shots Fired 99 | . 7 31 61 Missed 31 | . 2 9 20 Hits 68 | . 5 22 41 Projectile 68 | . 5 22 41 Critical Strikes 2 | . . . 2 Damage Taken 1162 | . 66 166 930 Core 267 | . . 31 236 Absorbed by Shields . | . . . . Redirected to Shielding 18 | . 7 11 . Core Remaining (%) 100 | 100 . . . Volleys Fired 31 | . 14 11 6 Largest 2 | . 2 2 2 Hottest 60 | . 60 60 60 Shots Fired 62 | . 28 22 12 Gun . | . . . . Cannon 62 | . 28 22 12 Launcher . | . . . . Special . | . . . . Kinetic 62 | . 28 22 12 Thermal . | . . . . Explosive . | . . . . Electromagnetic . | . . . . Robot Hit Streak 6 | . 6 5 3 Robot Miss Streak 6 | . 5 6 1 Penetration Max . | . . . . Secondary Targets . | . . . . Shots Hit Robots 33 | . 14 11 8 Core Hits 11 | . 6 3 2 Critical Kills . | . . . . Critical Parts Destroyed . | . . . . Critical Strikes 1 | . . . 1 Blast 1 | . . . 1 Melee Attacks . | . . . . Impact . | . . . . Slashing . | . . . . Piercing . | . . . . Sneak Attacks . | . . . . Combat Hostiles . | . . . . Follow-up Attacks . | . . . . Damage Inflicted 627 | . 300 182 145 Guns . | . . . . Cannons 621 | . 294 182 145 Explosions . | . . . . Melee . | . . . . Ramming 6 | . 6 . . Kinetic 621 | . 294 182 145 Thermal . | . . . . Explosive . | . . . . Electromagnetic . | . . . . Impact . | . . . . Slashing . | . . . . Piercing . | . . . . Highest Corruption . | . . . . Average Corruption . | . . . . Corruption Purged . | . . . . Corruption Blocked . | . . . . Overload Shots . | . . . . Overflow Damage 17 | . 5 12 . Projectiles 17 | . 5 12 . Explosions . | . . . . Melee . | . . . . Knockbacks 12 | . 7 4 1 Impact . | . . . . Kinetic 11 | . 6 4 1 Secondary 1 | . 1 . . Self-Inflicted Damage . | . . . . Shots . | . . . . Rammed . | . . . . Targets Rammed 3 | . 3 . . Kicked 3 | . 3 . . Crushed . | . . . . Highest Temperature 39 | . 39 . . Average Temperature 25 | . 25 . . Received Heat Transfer 216 | . 39 . 177 Siege Activations . | . . . . Martial Activations . | . . . . Shielding Activations . | . . . . Robots Disrupted . | . . . . Combat Hostiles . | . . . . Robots Corrupted . | . . . . Combat Hostiles . | . . . . Parts Fried . | . . . . Impact Corruptions . | . . . . Robots Melted . | . . . . Combat Hostiles . | . . . . Parts Melted . | . . . . Heat Transferred . | . . . . Parts Sabotaged . | . . . . Parts Stolen . | . . . . Parts Stripped . | . . . . Power Chain Reactions . | . . . . Alert | -11 -10 -10 -10 ------- Run | Yrd Mat Min Sub Maximum Alert Level . | . . . . Low Security (%) 100 | 100 100 100 . Level 1 . | . . . . Level 2 . | . . . . Level 3 . | . . . . Level 4 . | . . . . Level 5 . | . . . . High Security . | . . . . Max Security . | . . . . Peak Influence 105 | . 50 105 . Initial . | . . . . Average 13 | . 9 16 . Influence Increases 210 | . 74 115 21 Destroy 0b10 Robot/C 120 | . 40 60 20 Destroy 0b10 Robot/NC 15 | . 15 . . Destroy Leader 24 | . 14 10 . Allied During Kill 1 | . . . 1 Successful Hack 5 | . 5 . . Disable Machine 45 | . . 45 . Influence Decreases 210 | . 74 115 21 Time Decay 210 | . 74 115 21 Squads Dispatched . | . . . . Investigation . | . . . . Extermination . | . . . . Reinforcement . | . . . . Assault . | . . . . Garrison . | . . . . Intercept . | . . . . Searches Triggered . | . . . . Construction Impeded . | . . . . Haulers Reinforced . | . . . . Active Scanning Responses . | . . . . Cargo Convoy Interrupts . | . . . . Stealth | -11 -10 -10 -10 --------- Run | Yrd Mat Min Sub Distress Signals . | . . . . Communications Jammed . | . . . . Distress Signals . | . . . . Times Spotted 21 | . 4 3 14 Peak Tracking Total 9 | . 3 3 9 Tactical Retreats . | . . . . Traps | -11 -10 -10 -10 ------- Run | Yrd Mat Min Sub Traps Triggered . | . . . . Indirectly . | . . . . Trap Hack Attempts . | . . . . Triggered . | . . . . Disarmed . | . . . . Reprogrammed . | . . . . Reused . | . . . . Traps Extracted . | . . . . Installed . | . . . . Triggered . | . . . . Machines | -11 -10 -10 -10 ---------- Run | Yrd Mat Min Sub Machines Disabled 3 | . . 3 . Max in Single Turn 1 | . . 1 . Machines Repaired . | . . . . Machines Dismantled . | . . . . Machines Sabotaged . | . . . . Overloaded Fab Kills . | . . . . Hacking | -11 -10 -10 -10 --------- Run | Yrd Mat Min Sub Machines Accessed 4 | . 4 . . Terminals 4 | . 4 . . Fabricators . | . . . . Repair Stations . | . . . . Recycling Units . | . . . . Scanalyzers . | . . . . Garrison Access . | . . . . Total Hacks 7 | . 7 . . Successful 3 | . 3 . . Failed 4 | . 4 . . Catastrophic . | . . . . Database Lockouts . | . . . . Manual 6 | . 6 . . Terminals 7 | . 7 . . Fabricators . | . . . . Repair Stations . | . . . . Recycling Units . | . . . . Scanalyzers . | . . . . Garrison Access . | . . . . Terminal Hacks 1 | . 1 . . Prototype ID Bank 1 | . 1 . . Fabricator Hacks . | . . . . Repair Station Hacks . | . . . . Recycling Unit Hacks . | . . . . Scanalyzer . | . . . . Garrison Access Hacks . | . . . . Unauthorized Hacks 2 | . 2 . . Terminals 2 | . 2 . . Botnet 2 | . 2 . . Fabricators . | . . . . Repair Stations . | . . . . Recycling Units . | . . . . Scanalyzers . | . . . . Garrison Access . | . . . . Data Cores Recovered . | . . . . Used . | . . . . Hacking Detections 2 | . 2 . . Full Trace Events . | . . . . Feedback Events . | . . . . Feedback Blocked . | . . . . Robot Schematics Acquired . | . . . . Robots Built . | . . . . Authchips . | . . . . Time . | . . . . Total Robot Build Rating . | . . . . Part Schematics Acquired . | . . . . Parts Built . | . . . . Authchips . | . . . . Time . | . . . . Total Part Build Rating . | . . . . Parts Repaired . | . . . . Time . | . . . . Parts Recycled . | . . . . Recycled Matter . | . . . . Retrieved Matter . | . . . . Retrieved Components . | . . . . Parts Scanalyzed . | . . . . Part Schematics Acquired . | . . . . Parts Damaged . | . . . . Bothacking | -11 -10 -10 -10 ------------ Run | Yrd Mat Min Sub Used RIF Installer . | . . . . Robots Hacked . | . . . . Non-combat . | . . . . Combat . | . . . . Robot Hacks Applied . | . . . . Relay Couplers Released . | . . . . Fabnet Peak Effective % . | . . . . Robots Rewired . | . . . . Allies Hacked . | . . . . Hacks Repelled . | . . . . Allies | -11 -10 -10 -10 -------- Run | Yrd Mat Min Sub Total Allies 1 | . . 1 . Largest Group 1 | . . 1 1 Highest-Rated Group 31 | . . 31 31 Highest-Rated Ally 31 | . . 31 31 Total Orders . | . . . . Ally Attacks 6 | . . . 6 Total Damage 106 | . . . 106 Kills 1 | . . . 1 Allies Corrupted . | . . . . Allies Melted . | . . . . Intel | -11 -10 -10 -10 ------- Run | Yrd Mat Min Sub Active Infowar (turns) 1012 | . 195 740 77 Structural 1012 | . 195 740 77 Robot Analysis Total . | . . . . Derelict Logs Recovered 2 | . . 1 1 Drone Launches . | . . . . Drone Recoveries . | . . . . Exploration | -11 -10 -10 -10 ------------- Run | Yrd Mat Min Sub Turns Passed 1361 | 57 322 740 242 Spaces Moved 661 | 45 222 249 145 Core 17 | 6 . . 11 Treads . | . . . . Legs 644 | 39 222 249 134 Wheels . | . . . . Hover . | . . . . Flight . | . . . . Fastest Speed 50 | 50 120 120 50 Average Speed 124 | 110 120 120 145 Slowest Speed 190 | 120 120 120 190 Overloaded Moves . | . . . . Propulsion Burnouts . | . . . . Robots Hopped . | . . . . Potential Cave-ins . | . . . . Cave-ins Triggered . | . . . . Exploration Rate (%) 24 | 4 35 45 13 Regions Visited 3 Branch Regions 2 Pre-discovered Areas . | . . . . Known Exits Taken . | . . . . Unknown Exits Taken 3 | 1 1 1 . Scrap Searched . | . . . . Spaces Dug . | . . . . Terrain Destroyed . | . . . . Melee . | . . . . Projectile . | . . . . AOE . | . . . . Terrain Rammed . | . . . . Walls Destroyed . | . . . . Machines Disabled . | . . . . Actions | -11 -10 -10 -10 --------- Run | Yrd Mat Min Sub Total 1131 | 49 248 667 167 Wait 409 | . . 407 2 Move 658 | 44 221 248 145 Hop . | . . . . Pick Up 6 | . 4 . 2 Fast Attach 10 | 5 4 . 1 Attach 4 | . . . 4 Detach 2 | . . . 2 Swap 1 | . . 1 . Drop 7 | . 2 . 5 Fire 31 | . 14 11 6 Melee . | . . . . Ram . | . . . . Kick 3 | . 3 . . Crush . | . . . . Escape Stasis . | . . . . Rewire . | . . . . Trap . | . . . . Miscellaneous . | . . . . Route ------- -11/Scrapyard -10/Materials -10/Mines (discovered 2 exits: [*Mat] / [*Sub]) -10/Subcaves History --------- Turn | Location | Event 4 | -11/Scrapyard | Discovered new exit (range 16) 58 | -11/Scrapyard | Entered Materials 301 | -10/Materials | Build established: Mutant 353 | -10/Materials | Discovered new exit (range 7) 380 | -10/Materials | Entered Mines 980 | -10/Mines | Received a Mining Laser from a helpful Derelict 1021 | -10/Mines | Discovered new exit (range 11) 1033 | -10/Mines | Learned Materials terminal intel 1051 | -10/Mines | Discovered new exit (range 8) 1120 | -10/Mines | Entered Subcaves 1120 | -10/Subcaves | Accompanied by 1 ally 1121 | -10/Subcaves | Approached by a straggling Scientist 1330 | -10/Subcaves | Ambushed by swarm of Subdwellers 1330 | -10/Subcaves | Ambushed by Subdwellers from Twisted Machinery 1330 | -10/Subcaves | Ambushed by Subdwellers from Twisted Machinery 1330 | -10/Subcaves | Ambushed by Subdwellers from Twisted Machinery 1336 | -10/Subcaves | Ambushed by Subdwellers from Twisted Machinery 1354 | -10/Subcaves | Core integrity fell below 50% 1362 | -10/Subcaves | Core integrity fell below 20% 1362 | -10/Subcaves | Destroyed by 7Q-UKG(R) with Subdweller Beam Cannon Last Messages --------------- Who's the new fellow?" 01340_ RW-S0H(g) destroyed. 01340_ Scrap Shield destroyed. 01341_ QM-8UN(R) Disposable Heat Sink blasted off. 01342_ IZ-4O9(R) suffers critical hit (Burn). 01343_ 6W-XXK(g) destroyed. 01344_ Lgt. Cannon destroyed. 01344_ IZ-4O9(R) destroyed. 01347_ Aluminum Leg destroyed. 01351_ 9J-OBQ(g) destroyed. 01353_ Lgt. Ion Engine destroyed. 01355_ F4-OA7(R) destroyed. 01355_ Aluminum Leg destroyed. 01356_ 15-T84(R) affixes Scrap Shield Fragment to Scrap Shield. 01356_ Acquired 47 matter. 01357_ Lgt. Cannon destroyed. 01359_ 15-T84(R) destroyed. 01359_ QM-8UN(R) affixes Scrap Shield Fragment to Scrap Shield. 01359_ Acquired 4 matter. 01360_ Acquired Lgt. Angular Momentum Engine. Map ----- +----------------------------------------------------+ | ???#### ####### ###??????????? | | ????#### #### ### ### ###??????????? | | ?????### #### ## ##???????????? | | ??????### #### ## ###???????????? | | ??????### ##### ## ####???????????? | | ???????## #### ### ####????????????? | | ???????### ###### ## ########????????????? | | ???????#### #### # #### ## ##????????????? | | ????????## ###### ## ##????????????? | | ?????????? ##?## ##????????????? | | ?????????? ## ##### # ####??????????? | | ?????????? ## ###### # ##??????????? | | ??????????###### #### ##??????????? | | ????????????#### ### ## ##??????????? | | ?????????????## ## ### ##??????????? | | ?????????????### ## ##??????????? | | ??????????????### ## ##??????????? | | ??????????????### ####### ##??????????? | | ??????????????### ## #############??????????? | | ??????????????## #### ############??????????? | | ?????????????### ##### ### ##???????????? | | ?????????????## #### ###??????????? | | ?????????????## ???## ##??????????? | | ?????????????# ????## ### ##??????????? | | ?????????????????????## #### ##??????????? | | ?????????????????????####@%###### ##??????????? | | ?????????????????????####* %#####? ##??????????? | | ????????????????????######%!= ##?? ##??????????? | | ???????????????????####### ! #### ##??????????? | | ?????????????????##### #### ?????????????? | | ???????????? ### ##?????????????? | | ?????????????## !&* ###?????????????? | | ?????????????### ## =%* "####?????????????? | | ?????????????### ## ##### =*R=="##??????????????? | | ??????????????#######?#### !%R]]##???????????????? | | ?????????????????####???##[!!R!R###??????????????? | | ????????????????????????###*%R% ###??????????????? | | ????????????????????????#####R[ ##??????????????? | | ?????????????????????????####! ##??????????????? | | ???????????????????????????## ###??????????????? | | ???????????????????????????## ####??????????????? | | ???????????????????????????## #####?????????????? | | ???????????????????????????# #?????????????? | | ??????????????????????????# #????????????? | | ??????????????????????????# #????????????? | | ??????????????????????????## #???????????? | | ??????????????????????????##### #???????????? | | ??????????????????????????####### #???????????? | | ??????????????????????????????### #???????????? | | ????????????????????????????????? ##??????????? | +----------------------------------------------------+ Best States ------------- Heat Dissipation 25 Energy Generation 10 Energy Capacity 125 Matter Stores 300 Matter Capacity 300 Sight Range 16 Terrain Scan Density 10 Armor Coverage 800 Propulsion Shielding 33 Evasion (%) 55 Item Schematics ----------------- None Robot Schematics ------------------ None Fabricated ------------ Nothing Repaired ---------- Nothing Alien Tech Used ----------------- None Achievements -------------- None Challenges ------------ None Game ------ Seed FlyingRagnarokLegs Manual? 0 Play Time 00:08:58 Cumulative 307.1 hours Start 2025.08.03 @ 13:56:06 End 2025.08.03 @ 14:02:37 Sessions 1 Manual Loads 0 Difficulty Rogue Special Mode None Game No. 127 Rogue 56 Adventurer 68 Explorer 3 Win Type - Total 24 Types 16/1/1/4/1/0/0/0/0/1 Lore% 76 Gallery% 73 Achievement% 71 Wizard Run 0 Options --------- Layout 0 ASCII 0 Keyboard 0 Movement Numpad Keybinds 0 Fullscreen 1 Font 24/Smallcaps Map View 76x50 Zoom Use 0% Tactical HUD 1 Map Filters NONE Filters NONE Steam 1 RUN: 28428a8c-7f23-4ff7-8c4e-737ade8b4b47